Map: [ESL] Dragon Scales

Players

ByuN

  • Race: Terran Terran
  • Spawn Location: 11:00

Reynor - Winner!

  • Race: Zerg Zerg
  • Spawn Location: 5:00

Event: ESL SC2 Masters 2023 Summer (Finals)

VOD

Have the link to the VOD?

Description

Time

  • Played on: June 18, 2023, 8:21 a.m.
  • Length: 15:32

All games in this series

Show
View Real Time Build Order
Export as new Build Order

ByuN Terran 

Build Orders:  

Get SALT Encoding   

  12  0:00  SCV  
  13  0:12  SCV  
  14  0:17  Supply Depot  
  14  0:24  SCV  
  15  0:39  SCV  
  15  0:40  Barracks  
  16  0:44  Refinery  
  16  0:51  SCV  
  17  0:58  Barracks  
  17  1:03  SCV  
  18  1:15  SCV  
  19  1:26  Reaper  
  19  1:27  Orbital Command  
  20  1:33  Supply Depot  
  20  1:45  Reaper  
  21  1:53  SCV  
  22  2:03  Reaper  
  22  2:05  SCV  
  24  2:10  Command Center  
  24  2:17  SCV  
  24  2:20  Barracks Reactor  
  25  2:29  SCV  
  26  2:30  Barracks  
  26  2:37  Barracks Tech Lab  
  26  2:41  SCV  
  26  2:42  Supply Depot  
  27  2:47  Barracks  
  27  2:53  SCV  
  27  2:58  Marine x3  
  31  3:06  SCV  
  31  3:09  Stimpack  
  32  3:16  Marine x3  
  32  3:18  SCV  
  36  3:22  Barracks Tech Lab  
  36  3:25  Orbital Command  
  36  3:32  SCV  
  36  3:34  Marine x3  
  37  3:36  Marine  
  41  3:45  Marine  
  42  3:49  SCV  
  42  3:50  SCV  
  42  3:51  Marine  
  42  3:52  Marine  
  44  3:56  Marine x2  
  44  3:59  Combat Shield  
  44  4:01  SCV  
  44  4:02  Marine  
  47  4:05  SCV  
  47  4:06  Supply Depot  
  47  4:09  Marine x2  
  50  4:14  Marine x2  
  50  4:15  SCV  
  54  4:23  SCV  
  54  4:27  Marine  
  54  4:28  Marine x2, SCV  
  54  4:30  Supply Depot  
  56  4:32  Marine  
  56  4:34  Marine  
  56  4:36  Factory  
  56  4:37  SCV  
  59  4:41  SCV  
  59  4:45  Marine x2  
  61  4:46  Refinery  
  61  4:47  Refinery  
  61  4:51  Marine x2  
  61  4:52  SCV  
  65  4:53  Supply Depot  
  65  4:55  Marine  
  66  5:02  Engineering Bay, Marine  
  66  5:03  Marine  
  66  5:05  SCV, Supply Depot  
  70  5:07  SCV  
  70  5:15  Marine  
  70  5:20  Factory Reactor  
  71  5:21  Starport  
  71  5:22  SCV x2  
  71  5:23  Barracks Reactor, Refinery  
  71  5:24  Marine x2  
  74  5:39  Marine x2  
  74  5:41  Marine  
  74  5:42  Marine  
  57  5:44  SCV x2  
  57  5:46  Terran Infantry Weapons Level 1  
  58  5:57  Marine x2  
  58  5:58  Barracks  
  58  5:59  Marine  
  61  6:04  Marine  
  61  6:05  SCV  
  61  6:06  SCV  
  61  6:07  Medivac x2  
  68  6:12  Barracks Reactor, Supply Depot  
  68  6:15  Marine  
  68  6:17  Marine x3  
  72  6:19  Siege Tank  
  72  6:22  Marine  
  77  6:25  SCV x2, Supply Depot  
  78  6:33  Marine  
  78  6:35  Marine x3  
  82  6:40  Marine, Medivac  
  82  6:42  Medivac  
  87  6:50  Marine, Barracks Reactor  
  87  6:51  Marine x2, Siege Tank  
  87  6:52  Marine  
  87  6:53  Marine x2  
  96  6:58  Marine, Supply Depot x2  
  97  7:08  Marine x2  
  97  7:09  Marine  
  97  7:10  Marine x2  
  102  7:20  Medivac x2  
  106  7:25  Siege Tank, Supply Depot  
  109  7:31  Supply Depot  
  109  7:34  Marine x5  
  114  7:39  Marine x2  
  114  7:40  Marine, Terran Infantry Armor Level 1  
  117  7:48  Marine  
  118  7:57  Marine x2  
  120  8:00  Siege Tank  
  116  8:06  Marine x3  
  116  8:09  Marine x2  
  116  8:11  Marine x2  
  123  8:14  Marine  
  123  8:16  Marine  
  120  8:24  Marine x3  
  120  8:26  Marine  
  120  8:27  Marine  
  121  8:29  Marine x2  
  121  8:32  Medivac  
  123  8:35  Marine  
  123  8:36  Marine  
  123  8:37  Siege Tank  
  126  8:42  Marine x3  
  126  8:44  Marine x2  
  126  8:46  Marine  
  126  8:50  Marine  
  126  8:52  Marine  
  126  8:54  Marine  
  129  8:59  Marine x2  
  129  9:00  Marine  
  129  9:02  Marine x2  
  134  9:15  Marine x3  
  134  9:20  Supply Depot  
  134  9:21  Marine, Medivac x2  
  139  9:26  Marine x2  
  139  9:29  Marine  
  142  9:37  Command Center  
  142  9:45  Siege Tank  
  143  9:54  Marine x2  
  142  10:01  Engineering Bay, Armory  
  140  10:09  Marine  
  140  10:10  Marine x6  
  144  10:17  Siege Tank  
  146  10:21  Marine  
  146  10:25  Marine  
  125  10:28  Marine x2  
  125  10:31  Marine  
  125  10:32  Marine x2  
  130  10:35  Marine  
  130  10:36  Marine  
  130  10:39  Marine  
  125  10:42  Marine  
  125  10:46  Marine x2  
  125  10:49  Marine x2  
  119  10:56  Marine x2  
  119  11:04  Terran Infantry Weapons Level 2, Terran Infantry Armor Level 2  
  119  11:10  SCV x2  
  121  11:17  Marauder  
  125  11:18  Marauder  
  125  11:22  Orbital Command  
  125  11:24  SCV x2  
  127  11:26  Widow Mine x2  
  127  11:32  Supply Depot  
  131  11:38  Marine x2  
  131  11:39  Marine x3  
  136  11:40  Marine  
  136  11:45  Marauder  
  136  11:47  Marauder  
  140  11:57  Widow Mine x2  
  144  12:02  SCV x2  
  144  12:04  SCV, Supply Depot  
  144  12:05  Sensor Tower  
  147  12:15  Marauder x2  
  151  12:20  Widow Mine x2, Marine x2  
  151  12:21  Marine x4  
  161  12:31  Liberator x2  
  161  12:36  Marine  
  166  12:45  Marauder  
  166  12:46  Marine x3  
  166  12:50  Marine x2  
  173  12:54  Marauder  
  175  13:05  Concussive Shells  
  175  13:07  Marauder  
  175  13:12  Widow Mine x2  
  181  13:19  Supply Depot  
  181  13:25  Marine  
  181  13:26  Marine x3  
  181  13:27  Marine x2  
  181  13:40  Medivac x2  
  181  13:41  Marauder x2  
  189  13:49  Supply Depot  
  189  14:06  Widow Mine x2, Marauder x2  
  189  14:07  Marine x2  
  174  14:10  Liberator x2  
  171  14:25  Marine x2  
  171  14:27  Widow Mine x2, Marine  
  171  14:28  Marauder x2  
  177  14:48  Widow Mine  
  177  14:49  Widow Mine, Marauder x2  
  177  14:50  Marine  
  175  14:56  Marine x2  
  173  15:01  Marine x3  
  172  15:08  Marine  
  172  15:10  Widow Mine x2  
  172  15:11  Marauder x2  
Show
View Real Time Build Order
Export as new Build Order

Reynor Zerg - Winner!

Build Orders: Hatch First 

Get SALT Encoding   

  12  0:00  Drone  
  13  0:11  Overlord  
  13  0:16  Drone  
  14  0:30  Drone x2  
  16  0:46  Hatchery  
  15  0:50  Drone  
  15  0:53  Drone  
  17  0:57  Drone  
  18  1:04  Extractor  
  17  1:12  Spawning Pool  
  17  1:15  Drone  
  17  1:18  Drone  
  18  1:27  Drone  
  19  1:39  Drone  
  20  1:48  Overlord  
  20  1:59  Queen x2, Zergling x2  
  20  2:00  Zergling x2  
  26  2:04  Metabolic Boost  
  26  2:10  Drone  
  26  2:11  Drone  
  28  2:20  Zergling x2  
  29  2:23  Drone  
  30  2:30  Overlord  
  30  2:32  Drone  
  30  2:34  Queen  
  31  2:40  Queen  
  31  2:43  Zergling x2  
  34  2:46  Drone  
  35  2:52  Drone  
  35  2:53  Drone  
  37  3:05  Drone x2  
  39  3:08  Overlord, Zergling x4  
  39  3:11  Drone x2  
  39  3:12  Drone  
  44  3:18  Overlord  
  44  3:26  Zergling x4  
  44  3:27  Zergling x2  
  47  3:30  Evolution Chamber  
  46  3:37  Drone x2  
  48  3:42  Hatchery  
  48  3:45  Drone x2  
  48  3:46  Drone  
  49  3:48  Drone  
  49  3:54  Overlord  
  49  3:55  Drone  
  49  4:00  Zerg Ground Armor Level 1  
  49  4:01  Zergling x2  
  50  4:07  Zergling x2  
  50  4:08  Drone x2  
  53  4:20  Drone x4  
  55  4:28  Zergling x10  
  55  4:30  Queen, Baneling Nest  
  61  4:31  Extractor  
  61  4:36  Overlord  
  60  4:39  Zergling x4  
  60  4:40  Zergling x4  
  64  4:48  Queen, Zergling x2  
  67  4:53  Zergling x2  
  67  4:54  Zergling x2  
  67  4:56  Zergling x2  
  67  4:57  Zergling x4  
  67  4:59  Zergling x2  
  72  5:00  Queen  
  72  5:02  Overlord  
  74  5:08  Zergling x8  
  74  5:11  Zergling x2  
  79  5:16  Baneling x5  
  79  5:18  Zergling x4  
  81  5:22  Drone  
  81  5:25  Drone x3  
  85  5:33  Zergling x6  
  79  5:36  Drone x2  
  79  5:37  Drone x2  
  79  5:39  Drone  
  79  5:41  Lair  
  73  5:43  Drone  
  73  5:49  Burrow, Drone x2  
  76  5:54  Drone x4  
  80  5:58  Zerg Melee Weapons Level 1  
  80  6:00  Drone x3  
  80  6:02  Drone  
  84  6:05  Drone  
  84  6:07  Queen  
  84  6:10  Drone  
  88  6:12  Overlord  
  88  6:19  Zergling x4  
  88  6:21  Overlord  
  90  6:25  Hatchery  
  90  6:27  Extractor  
  90  6:29  Extractor, Overlord  
  90  6:32  Zergling x12  
  92  6:34  Zergling x2  
  92  6:35  Overlord  
  92  6:37  Zergling x4  
  95  6:40  Centrifugal Hooks  
  95  6:46  Drone  
  96  6:48  Drone  
  96  6:49  Zergling x2  
  96  6:50  Zergling x6  
  96  6:51  Evolution Chamber, Spore Crawler  
  96  6:52  Zergling x4  
  101  6:56  Overlord  
  101  7:00  Zergling x2  
  101  7:03  Zergling x6  
  101  7:05  Baneling x11  
  101  7:07  Baneling x2  
  101  7:09  Zergling x6  
  101  7:11  Zergling x2  
  101  7:13  Overlord  
  104  7:18  Drone  
  104  7:20  Zergling x2  
  104  7:21  Zergling x6  
  109  7:23  Baneling x7  
  109  7:25  Zergling x6  
  109  7:26  Zergling x2  
  113  7:34  Zergling x2  
  113  7:35  Zergling x2  
  115  7:39  Zergling x4  
  117  7:44  Baneling x9  
  117  7:45  Zergling x2  
  117  7:46  Queen  
  117  7:47  Zergling x4  
  117  7:48  Queen  
  117  7:50  Hatchery  
  123  7:53  Baneling x2, Zergling x6  
  115  7:59  Zergling x6  
  114  8:08  Zergling x14  
  120  8:13  Zergling x4  
  120  8:18  Drone  
  117  8:20  Queen  
  117  8:21  Drone x3  
  117  8:22  Drone  
  117  8:24  Drone  
  122  8:28  Zerg Ground Armor Level 2  
  122  8:33  Zergling x4  
  118  8:36  Zergling x6  
  118  8:39  Zerg Melee Weapons Level 2  
  118  8:43  Zergling x4  
  118  8:47  Zergling x2  
  119  8:49  Zergling x6  
  119  8:52  Zergling x2  
  119  8:53  Zergling x4  
  124  8:55  Queen  
  124  8:56  Zergling x2  
  124  8:57  Zergling x2  
  124  8:58  Extractor  
  124  8:59  Zergling x2  
  124  9:02  Overlord  
  128  9:08  Zergling x4  
  130  9:17  Zergling x2  
  130  9:21  Zergling x10  
  135  9:24  Hatchery  
  135  9:26  Zergling x2  
  135  9:29  Zergling x6  
  138  9:33  Overlord  
  138  9:35  Baneling x12  
  138  9:38  Overlord, Spore Crawler  
  137  9:46  Overlord  
  137  9:49  Zergling x2  
  137  9:51  Queen, Overlord  
  140  9:52  Zergling x2  
  140  9:53  Zergling x10  
  140  9:59  Zergling x10  
  149  10:11  Zergling x12  
  153  10:16  Baneling x9  
  153  10:18  Zergling x6  
  155  10:27  Zergling x12  
  138  10:34  Zergling x4  
  136  10:40  Zergling x8  
  136  10:42  Zergling x2  
  131  10:48  Zergling x6  
  131  10:49  Zergling x2  
  132  10:59  Drone x4  
  132  11:01  Drone x3  
  139  11:07  Zergling x8  
  139  11:08  Zergling x2  
  139  11:09  Zergling x2  
  139  11:10  Baneling x18  
  145  11:17  Drone  
  145  11:18  Drone x3  
  149  11:19  Drone x2  
  149  11:21  Drone, Baneling  
  152  11:28  Drone  
  152  11:29  Infestation Pit  
  152  11:34  Overlord  
  152  11:37  Drone x6, Hatchery  
  152  11:38  Drone  
  152  11:39  Drone  
  159  11:42  Hydralisk Den  
  159  11:43  Zergling x4  
  159  11:44  Extractor, Zergling x2  
  159  11:45  Zergling x2  
  161  11:51  Zergling x6  
  162  11:56  Extractor, Zergling x6  
  162  11:59  Extractor, Zergling x8  
  167  12:01  Baneling x8  
  167  12:08  Drone x3  
  170  12:09  Zergling x2  
  170  12:10  Zergling x6  
  170  12:11  Zergling x6  
  176  12:20  Zergling x4, Hive  
  176  12:21  Zergling x8  
  180  12:24  Baneling  
  180  12:25  Baneling x2  
  180  12:27  Overlord  
  180  12:34  Overlord x2  
  178  12:44  Overlord  
  178  12:46  Muscular Augments  
  178  12:48  Drone  
  178  12:49  Drone x6  
  185  12:52  Zergling x8  
  185  12:54  Zergling x10  
  185  12:55  Overlord  
  185  12:56  Baneling x14  
  194  13:02  Zergling x10  
  194  13:05  Overseer  
  199  13:08  Overlord  
  199  13:12  Zerg Missile Weapons Level 1  
  198  13:15  Drone  
  198  13:17  Drone, Spore Crawler  
  199  13:20  Extractor, Spore Crawler  
  197  13:33  Hydralisk x3  
  197  13:44  Zergling x4  
  197  13:46  Baneling x19  
  197  13:59  Spore Crawler  
  197  14:01  Hydralisk  
  197  14:09  Hydralisk x3  
  170  14:10  Zergling x42  
  170  14:13  Zergling x2  
  197  14:17  Zergling x2  
  197  14:23  Hydralisk, Baneling x4  
  189  14:24  Zergling x16  
  189  14:31  Hydralisk x3  
  192  14:36  Lurker Den  
  197  14:41  Baneling x9  
  191  14:48  Hydralisk, Zergling x2  
  191  14:49  Zergling x26  
  186  14:53  Overlord  
  186  14:57  Drone  
  186  14:59  Drone  
  187  15:01  Drone  
  187  15:05  Zergling x14  
  187  15:06  Zergling x2  
Tags
 
Add a new tag
Caveats
  • Supply blocks, unpowered buildings, or Contaminate may cause inaccurate times.
  • Supply counts are checked every 10 seconds.